 Seeded DCSS version 0.30-a0-305-g026cb31310 (webtiles) character file.

Game seed: 11917764230341425491 (custom seed)

35 purpskrrrp the Ruffian (level 3, 0/32 HPs)
             Began as a Troll Transmuter on Oct 22, 2022.
             Slain by an orc warrior
             ... wielding a +0 glaive
              (7 damage)
             ... on level 1 of the Dungeon.
             The game lasted 00:02:25 (749 turns).

purpskrrrp the Ruffian (Troll Transmuter)            Turns: 749, Time: 00:02:26

Health: 0/32       AC:  4    Str: 20    XL:     3   Next: 17%
Magic:  0/3        EV:  8    Int: 15    God:
Gold:   63         SH:  8    Dex: 10    Spells: 3/4 levels left

rFire   + + .      SeeInvis .      - Unarmed
rCold   + + .      Faith    .    j - +2 shield of Resistance {rF++ rC++ Will++}
rNeg    . . .      Spirit   .    a - +0 robe
rPois   .          Reflect  .    (helmet currently unavailable)
rElec   .          Harm     .    (no cloak)
rCorr   .          Rampage  .    (gloves unavailable)
Will    ++...                    (boots unavailable)
Stlth   +.........               (no amulet)
HPRegen 1.05/turn                k - +6 ring of intelligence
MPRegen 0.08/turn                (no ring)

@: appendages, very slightly contaminated
A: horns 2, talons 2, large, unfitting armour, claws 3, regeneration 1, shaggy
fur 1, tough skin 1
a: End Transformation


You were on level 1 of the Dungeon.
You had temporarily grown beastly horns and talons.
You visited 1 branch of the dungeon, and saw 1 of its levels.

You collected 63 gold pieces.

Inventory:

Armour
 a - a +0 robe (worn)
 j - the +2 shield of Resistance (worn) {rF++ rC++ Will++}
   (You acquired it on level 1 of the Dungeon)

   rF:        It greatly protects you from fire.
   rC:        It greatly protects you from cold.
   Will:      It greatly increases your willpower.
Jewellery
 k - a +6 ring of intelligence (left claw)
Scrolls
 c - 3 scrolls of identify {unknown}
Potions
 b - a potion of lignification
 d - a potion of degeneration {unknown}
 e - a potion of brilliance {unknown}
 f - a potion of attraction {unknown}
 i - a potion of ambrosia {unknown}


   Skills:
 - Level 0.7 Fighting
 - Level 1.5 Dodging
 + Level 4.3 Unarmed Combat
 - Level 1.2 Spellcasting
 - Level 1.3 Transmutations


You had 3 spell levels left.
You knew the following spells:

 Your Spells              Type           Power      Damage    Failure   Level
a - Beastly Appendage     Tmut           10%        N/A       36%         1

Your spell library contained the following spells:

 Spells                   Type           Power      Damage    Failure   Level
 Wereblood                Tmut           5%         N/A       50%         2
 Spider Form              Tmut/Pois      3%         N/A       82%         3
 Ice Form                 Ice/Tmut       3%         N/A       99%         4
 Malign Gateway           Summ/Tloc      0%         N/A       100%        7
 Summon Horrible Things   Summ           0%         N/A       100%        8


Dungeon Overview and Level Annotations

Branches:
Dungeon (1/15)

Altars:


Innate Abilities, Weirdness & Mutations

You have temporarily grown beastly horns and talons.
You are too large for most types of armour.
You have claws for hands.
Your natural rate of healing is unusually fast.
You are covered in fur. (AC +1)
You have tough skin. (AC +1)


Message History

You scratch the orc but do no damage. Your headbutt misses the orc.
The orc is moderately wounded.
Your horns disappear.
Your talons disappear.
The orc hits you with a +0 flail. You block the orc warrior's attack.
You claw the orc!
You kill the orc!
The orc warrior hits you from afar with a +0 glaive!
You are too injured to fight recklessly!
You are too injured to fight recklessly!
You are too injured to fight recklessly!
You are too injured to fight recklessly!
You are too injured to fight recklessly!
You are too injured to fight recklessly!
You are too injured to fight recklessly!
You are too injured to fight recklessly!
You are too injured to fight recklessly!
You are too injured to fight recklessly!
You are too injured to fight recklessly!
You are too injured to fight recklessly!
You are too injured to fight recklessly!
You are too injured to fight recklessly!
You are too injured to fight recklessly!
You are too injured to fight recklessly!
You are too injured to fight recklessly!
You are too injured to fight recklessly!
You are too injured to fight recklessly!
Casting: Beastly Appendage (safe; 36% risk of failure)
Confirm with . or Enter, or press ? or * to list all spells.
You miscast Beastly Appendage.
You are very lightly contaminated with residual magic.
Nothing appears to happen.
The orc warrior hits you from afar with a +0 glaive!
* * * LOW HITPOINT WARNING * * *
Casting: Beastly Appendage (safe; 36% risk of failure)
Confirm with . or Enter, or press ? or * to list all spells.
You grow a pair of large bovine horns.
Your feet morph into talons.
You block the orc's attack. The orc warrior completely misses you.
The orc hits you but does no damage. You block the orc's attack.
The orc warrior hits you from afar with a +0 glaive!
You die...

♣♣♣♣♣♣♣♣♣♣♣♣♣♣♣♣♣##############.#
♣...♣♣........................#.#
.♣♣....♣....♣...♣..########...#)#
...♣♣...♣♣♣...♣♣..## ♣.♣.#...#.#
.♣.......♣.......#####....#...#.#
♣..♣...♣...♣.....8.#.#.8..#...#.#
.♣...♣..♣♣.♣♣...)o...)....#...#.#
♣.♣...♣........)oo...'....#...#..
.♣♣......♣♣.....@8.#.#._..#.....#
.♣..♣......♣.....#####....#...#..
♣♣.♣.♣..♣♣...♣....## ♣.♣.#...#..
♣..♣..♣♣..♣...♣))..########...###
♣..♣♣.♣♣........)....)........#..
.♣..♣..♣..♣♣...♣........###...#.#
..♣...♣)♣..♣....♣.............#.#
♣♣......♣♣....................#..
♣♣♣♣♣♣♣♣♣♣♣♣♣♣♣♣#################


You could see an orc warrior and 2 orcs.

Vanquished Creatures
  2 dart slugs (D:1)
  5 orcs (D:1)
  A giant cockroach (D:1)
  5 goblins (D:1)
  2 hobgoblins (D:1)
  3 quokkas (D:1)
  A ball python (D:1)
  2 bats (D:1)
  A frilled lizard (D:1)
  A kobold (D:1)
  A rat (D:1)
24 creatures vanquished.

Notes
Turn   | Place    | Note
-------+----------+-------------------------------------------
     0 | D:1      | purpskrrrp the Troll Transmuter began the quest for the
                  | Orb.
     0 | D:1      | Reached XP level 1. HP: 18/18 MP: 1/1
    58 | D:1      | Found a large runed translucent door.
    58 | D:1      | Found a large runed translucent door.
    60 | D:1      | Noticed an orc warrior
   171 | D:1      | Reached XP level 2. HP: 26/26 MP: 2/2
   286 | D:1      | Reached skill level 4 in Unarmed Combat
   690 | D:1      | Identified a scroll of acquirement
   690 | D:1      | Acquired the +2 shield of Resistance {rF++ rC++ Will++}
   690 | D:1      | Found the +2 shield of Resistance {rF++ rC++ Will++}
   704 | D:1      | HP: 1/26 [orc/+0 falchion (4)]
   739 | D:1      | Reached XP level 3. HP: 30/32 MP: 1/3
   749 | D:1      | Slain by an orc warrior

Illustrated notes

Levels and vault maps discovered:
D:1:      erik_arrival_cave_to_civilisation [erik_arrival_cave_to_temple],
          layout_basic, minivault_23

Skill      XL: |  1  2 |
---------------+-------+-----
Unarmed Combat | 4 |  4.3
Fighting       | |  0.7
Dodging        | |  1.5
Spellcasting   | |  1.2
Transmutations | |  1.3

Action                   || total
-------------------------++-------
Melee: Unarmed           ||    54
       Kick              ||     2
       Headbutt          ||     1
 Cast: Beastly Appendage ||     3
  Use: Scroll            ||     4
 Stab: Sleeping          ||     1
Armor: Robe              ||    18
Dodge: Dodged            ||    32
Block: Kite shield       ||    16

Table legend: (Time is in decaauts)
 A = Elapsed time spent in this place.
 B = Non-inter-level travel time spent in this place.
 C = Inter-level travel time spent in this place.
 D = Time resting spent in this place.
 E = Time spent auto-exploring this place.
 F = Levels seen in this place.
 G = Mean time per level.
                   A        B        C        D        E       F      G
               +--------+--------+--------+--------+--------+-----+--------+
         Total |    746 |    746 |      0 |      4 |    591 |   1 |  746.0 |
       Dungeon |    746 |    746 |      0 |      4 |    591 |   1 |  746.0 |
               +--------+--------+--------+--------+--------+-----+--------+

Top non-repeatable levels by time:
     D:1: 746 daAuts
